| TOP OF THE 1ST |
|
Auburn Doubledays batting - Pitching for Rome Braves : RHP Pu-la Yun
|
|
Pitching: RHP Pu-la Yun
|
|
|
Batting: RHB Charlie Iacovone
|
0-0: Called Strike 0-1: DOUBLE (Groundball, 5L, EV 103.1 MPH)
|
|
Batting: SHB Fernando Fundora
|
0-0: Called Strike 0-1: Ball 1-1: Ball 2-1: Called Strike 2-2: Ground out U3 (Groundball, 3L, EV 105.6 MPH) Charlie Iacovone to third
|
|
Batting: RHB Kenny Ball
|
0-0: Ball 1-0: Swinging Strike 1-1: Ball 2-1: Ground out 5-3 (Groundball, 56, EV 85.0 MPH) Charlie Iacovone scores
|
|
Batting: RHB Luis Vargas
|
0-0: Ball 1-0: Ball 2-0: Called Strike 2-1: Ball 3-1: Fly out, F8 (Flyball, 8LD, EV 93.8 MPH)
|
| Top of the 1st over - 1 run, 1 hit, 0 errors, 0 left on base; Auburn 1 - Rome 0 |
| BOTTOM OF THE 1ST |
|
Rome Braves batting - Pitching for Auburn Doubledays : RHP Danny Clarke
|
|
Pitching: RHP Danny Clarke
|
|
|
Batting: RHB Carlos Livas
|
0-0: Called Strike 0-1: Called Strike 0-2: Strikes out looking
|
|
Batting: LHB Mitsujiro Tanaka
|
0-0: Ball 1-0: Ground out 4-3 (Groundball, 4M, EV 91.9 MPH)
|
|
Batting: RHB Dave Pizarro
|
0-0: Ball 1-0: Ball 2-0: Foul Ball, location: 2F 2-1: Foul Ball, location: 2F 2-2: Ground out 6-3 (Groundball, 56, EV 100.6 MPH)
|
| Bottom of the 1st over - 0 runs, 0 hits, 0 errors, 0 left on base; Auburn 1 - Rome 0 |
| TOP OF THE 2ND |
|
Auburn Doubledays batting - Pitching for Rome Braves : RHP Pu-la Yun
|
|
Batting: RHB Billy Williamson
|
0-0: Fly out, F5 (Popup, 5SF, EV 75.0 MPH)
|
|
Batting: RHB Joe Simmelink
|
0-0: Called Strike 0-1: Called Strike 0-2: Ball 1-2: Strikes out swinging
|
|
Batting: RHB Alex Martinez
|
0-0: Called Strike 0-1: Called Strike 0-2: Ground out 1-3 (Groundball, 15S, EV 63.1 MPH)
|
| Top of the 2nd over - 0 runs, 0 hits, 0 errors, 0 left on base; Auburn 1 - Rome 0 |
| BOTTOM OF THE 2ND |
|
Rome Braves batting - Pitching for Auburn Doubledays : RHP Danny Clarke
|
|
Batting: RHB Tony Cabrera
|
0-0: Called Strike 0-1: Ball 1-1: Called Strike 1-2: Strikes out looking
|
|
Batting: RHB Armando Vazquez
|
0-0: Called Strike 0-1: Ball 1-1: Called Strike 1-2: Ball 2-2: Ball 3-2: Base on Balls
|
|
Batting: RHB Manny Hensley
|
0-0: Ball 1-0: Foul Ball, location: 2F 1-1: Ball 2-1: Ball 3-1: Called Strike 3-2: Fielders Choice at 2nd, 6-4 (Groundball, 56, EV 103.1 MPH)
|
|
Batting: LHB Ivan Castillo
|
0-0: Ground out 4-3 (Groundball, 34S, EV 90.0 MPH)
|
| Bottom of the 2nd over - 0 runs, 0 hits, 0 errors, 1 left on base; Auburn 1 - Rome 0 |
| TOP OF THE 3RD |
|
Auburn Doubledays batting - Pitching for Rome Braves : RHP Pu-la Yun
|
|
Batting: RHB Jorge Torres
|
0-0: Swinging Strike 0-1: Ball 1-1: Called Strike 1-2: Foul Ball, location: 2F 1-2: Foul Ball, location: 2F 1-2: Ball 2-2: Ball 3-2: Strikes out looking
|
|
Batting: SHB Jose Melendez
|
0-0: Called Strike 0-1: Called Strike 0-2: Ball 1-2: Ground out 6-3 (Groundball, 6M, EV 90.0 MPH)
|
|
Batting: RHB Charlie Iacovone
|
0-0: Ball 1-0: Ball 2-0: Called Strike 2-1: Foul Ball, location: 2F 2-2: Foul Ball, location: 2F 2-2: Ball 3-2: Strikes out swinging
|
| Top of the 3rd over - 0 runs, 0 hits, 0 errors, 0 left on base; Auburn 1 - Rome 0 |
| BOTTOM OF THE 3RD |
|
Rome Braves batting - Pitching for Auburn Doubledays : RHP Danny Clarke
|
|
Batting: RHB Yutaka Yamane
|
0-0: Called Strike 0-1: Foul Ball, location: 2F 0-2: Ball 1-2: Ball 2-2: Ball 3-2: Ground out 6-3 (Groundball, 6, EV 86.9 MPH)
|
|
Batting: RHB Roberto Rios
|
0-0: Called Strike 0-1: Ground out 6-3 (Groundball, 6, EV 86.9 MPH)
|
|
Batting: RHB Carlos Livas
|
0-0: Ball 1-0: Foul Ball, location: 2F 1-1: Ball 2-1: Ball 3-1: Base on Balls
|
|
Batting: LHB Mitsujiro Tanaka
|
0-0: Called Strike Carlos Livas steals 2nd base 0-1: Hit by Pitch
|
|
Batting: RHB Dave Pizarro
|
0-0: Ball 1-0: Ball 2-0: Ball 3-0: Called Strike 3-1: Swinging Strike 3-2: Strikes out looking
|
| Bottom of the 3rd over - 0 runs, 0 hits, 0 errors, 2 left on base; Auburn 1 - Rome 0 |
| TOP OF THE 4TH |
|
Auburn Doubledays batting - Pitching for Rome Braves : RHP Pu-la Yun
|
|
Batting: SHB Fernando Fundora
|
0-0: Ball 1-0: Ball 2-0: Foul Ball, location: 2F 2-1: DOUBLE (Groundball, 3L, EV 103.8 MPH)
|
|
Batting: RHB Kenny Ball
|
0-0: Ball 1-0: Swinging Strike 1-1: Foul Ball, location: 2F 1-2: Fly out, F6 (Popup, 6, EV 80.0 MPH)
|
|
Batting: RHB Luis Vargas
|
0-0: Ball 1-0: Foul Ball, location: 2F 1-1: Ball 2-1: Ball 3-1: SINGLE (Groundball, 56, EV 100.0 MPH) (infield hit) Fernando Fundora to third
|
|
Batting: RHB Billy Williamson
|
0-0: Called Strike 0-1: Swinging Strike 0-2: Ball 1-2: Ball Wild Pitch! Fernando Fundora scores Luis Vargas to second 2-2: SINGLE (Groundball, 6S, EV 66.9 MPH) (infield hit) Luis Vargas to third
|
|
Batting: RHB Joe Simmelink
|
0-0: Fly out, F8 (Flyball, 8RD, EV 90.0 MPH) Runner from 3rd tags up, OUT at HOME! 8-2
|
| Top of the 4th over - 1 run, 3 hits, 0 errors, 1 left on base; Auburn 2 - Rome 0 |
| BOTTOM OF THE 4TH |
|
Rome Braves batting - Pitching for Auburn Doubledays : RHP Danny Clarke
|
|
Batting: RHB Tony Cabrera
|
0-0: Called Strike 0-1: Ball 1-1: Ball 2-1: DOUBLE (Line Drive, 3D, EV 96.9 MPH)
|
|
Batting: RHB Armando Vazquez
|
0-0: Swinging Strike 0-1: SINGLE (Groundball, 6MD, EV 106.2 MPH) Tony Cabrera to third Runner from 3rd tries for Home, SAFE, throw by CF to home
|
|
Batting: RHB Manny Hensley
|
0-0: Ball Armando Vazquez is caught stealing 2nd base 2-4 1-0: Called Strike 1-1: Called Strike 1-2: SINGLE (Line Drive, 5D, EV 103.1 MPH)
|
|
Batting: LHB Ivan Castillo
|
0-0: Fielders Choice at 2nd, 4-6 (Groundball, 4, EV 88.8 MPH)
|
|
Batting: RHB Yutaka Yamane
|
0-0: Ball 1-0: Called Strike Ivan Castillo is caught stealing 2nd base 2-4
|
| Bottom of the 4th over - 1 run, 3 hits, 0 errors, 0 left on base; Auburn 2 - Rome 1 |
| TOP OF THE 5TH |
|
Auburn Doubledays batting - Pitching for Rome Braves : RHP Pu-la Yun
|
|
Batting: RHB Alex Martinez
|
0-0: Ball 1-0: Swinging Strike 1-1: Ball 2-1: Swinging Strike 2-2: Ground out 6-3 (Groundball, P, EV 79.4 MPH)
|
|
Batting: RHB Jorge Torres
|
0-0: Fly out, F8 (Flyball, 8RM, EV 90.0 MPH)
|
|
Batting: SHB Jose Melendez
|
0-0: Called Strike 0-1: Ball 1-1: Ball 2-1: Ball 3-1: Called Strike 3-2: DOUBLE (Flyball, 89D, EV 104.4 MPH)
|
|
Batting: RHB Charlie Iacovone
|
0-0: Ball 1-0: Swinging Strike 1-1: Called Strike 1-2: Ball 2-2: Foul Ball, location: 2F 2-2: Foul Ball, location: 2F 2-2: Strikes out looking
|
| Top of the 5th over - 0 runs, 1 hit, 0 errors, 1 left on base; Auburn 2 - Rome 1 |
| BOTTOM OF THE 5TH |
|
Rome Braves batting - Pitching for Auburn Doubledays : RHP Danny Clarke
|
|
Batting: RHB Yutaka Yamane
|
0-0: Called Strike 0-1: Foul Ball, location: 2F 0-2: Ball 1-2: Strikes out swinging
|
|
Batting: RHB Roberto Rios
|
0-0: Fly out, F8 (Flyball, 8RM, EV 76.2 MPH)
|
|
Batting: RHB Carlos Livas
|
0-0: SINGLE (Groundball, 6D, EV 97.5 MPH)
|
|
Batting: LHB Mitsujiro Tanaka
|
0-0: Called Strike Carlos Livas steals 2nd base (no throw) 0-1: Foul Ball, location: 2F 0-2: Ball 1-2: Strikes out swinging
|
| Bottom of the 5th over - 0 runs, 1 hit, 0 errors, 1 left on base; Auburn 2 - Rome 1 |
| TOP OF THE 6TH |
|
Auburn Doubledays batting - Pitching for Rome Braves : RHP Pu-la Yun
|
|
Batting: SHB Fernando Fundora
|
0-0: Ball 1-0: Foul Ball, location: 2F 1-1: Ball 2-1: Ground out 4-3 (Groundball, 4, EV 106.9 MPH)
|
|
Batting: RHB Kenny Ball
|
0-0: Swinging Strike 0-1: Called Strike 0-2: Ball 1-2: Strikes out swinging
|
|
Batting: RHB Luis Vargas
|
0-0: Ball 1-0: Called Strike 1-1: Ground out 4-3 (Groundball, 4, EV 85.0 MPH)
|
| Top of the 6th over - 0 runs, 0 hits, 0 errors, 0 left on base; Auburn 2 - Rome 1 |
| BOTTOM OF THE 6TH |
|
Rome Braves batting - Pitching for Auburn Doubledays : RHP Danny Clarke
|
|
Batting: RHB Dave Pizarro
|
0-0: Foul Ball, location: 2F 0-1: Called Strike 0-2: Foul Ball, location: 2F 0-2: Ground out U3 (Groundball, 34S, EV 84.4 MPH)
|
|
Batting: RHB Tony Cabrera
|
0-0: Called Strike 0-1: Fly out, F8 (Flyball, 8RM, EV 94.4 MPH)
|
|
Batting: RHB Armando Vazquez
|
0-0: Ball 1-0: Swinging Strike 1-1: Reached on error, E4 (Groundball, 4, EV 86.9 MPH)
|
|
Pitching: RHP Manny Mendoza
|
|
|
Batting: RHB Manny Hensley
|
0-0: Called Strike 0-1: Ball 1-1: Foul Ball, location: 2F 1-2: Ball 2-2: Foul Ball, location: 2F 2-2: Ball 3-2: Base on Balls Armando Vazquez to second
|
|
Batting: LHB Ivan Castillo
|
0-0: Foul Ball, location: 2F 0-1: Ground out 5-3 (Groundball, 56, EV 105.6 MPH)
|
| Bottom of the 6th over - 0 runs, 0 hits, 1 error, 2 left on base; Auburn 2 - Rome 1 |
| TOP OF THE 7TH |
|
Auburn Doubledays batting - Pitching for Rome Braves : RHP Pu-la Yun
|
|
Batting: RHB Billy Williamson
|
0-0: Called Strike 0-1: Ball 1-1: Ball 2-1: Ball 3-1: SINGLE (Groundball, 56D, EV 98.8 MPH)
|
|
Batting: RHB Joe Simmelink
|
0-0: Bunted foul 0-1: Ball 1-1: Bunt missed! 1-2: Ball 2-2: Ball Passed Ball! Billy Williamson to second 3-2: Base on Balls
|
|
Batting: RHB Alex Martinez
|
0-0: Called Strike 0-1: Ball 1-1: Swinging Strike 1-2: Ball 2-2: Strikes out swinging
|
|
Pitching: RHP Armando Padron
|
|
|
Batting: RHB Jorge Torres
|
0-0: Ball 1-0: Swinging Strike 1-1: Swinging Strike 1-2: Foul Ball, location: 2F 1-2: Foul Ball, location: 2F 1-2: Strikes out swinging
|
|
Batting: SHB Jose Melendez
|
0-0: Ball 1-0: Fly out, F9 (Flyball, 89M, EV 92.5 MPH)
|
| Top of the 7th over - 0 runs, 1 hit, 0 errors, 2 left on base; Auburn 2 - Rome 1 |
| BOTTOM OF THE 7TH |
|
Rome Braves batting - Pitching for Auburn Doubledays : RHP Manny Mendoza
|
|
Pinch Hitting: LHB Adam Hairston
|
0-0: Ball 1-0: Fly out, F8 (Flyball, 8LD, EV 90.6 MPH)
|
|
Batting: RHB Roberto Rios
|
0-0: Called Strike 0-1: Called Strike 0-2: Ball 1-2: Ground out 5-3 (Groundball, 5, EV 86.9 MPH)
|
|
Batting: RHB Carlos Livas
|
0-0: Called Strike 0-1: Reached on error, E6 (Groundball, 6, EV 101.9 MPH)
|
|
Pitching: RHP Cheng-ho Tai
|
|
|
Batting: LHB Mitsujiro Tanaka
|
0-0: Ball Carlos Livas steals 2nd base 1-0: Ball 2-0: Ball 3-0: Called Strike 3-1: Called Strike 3-2: Ground out 4-3 (Groundball, 4, EV 98.8 MPH)
|
| Bottom of the 7th over - 0 runs, 0 hits, 1 error, 1 left on base; Auburn 2 - Rome 1 |
| TOP OF THE 8TH |
|
Auburn Doubledays batting - Pitching for Rome Braves : RHP Armando Padron
|
|
Now at 3B: Adam Hairston
|
|
|
Now in LF: Tony Cabrera
|
|
|
Now in CF: Dave Pizarro
|
|
|
Batting: RHB Qian Tai
|
0-0: Called Strike 0-1: Ball 1-1: Ball 2-1: Swinging Strike 2-2: Strikes out swinging, 2-3 out at first.
|
|
Batting: SHB Fernando Fundora
|
0-0: Ball 1-0: Swinging Strike 1-1: Called Strike 1-2: Fly out, F8 (Flyball, 8LD, EV 98.1 MPH)
|
|
Batting: RHB Kenny Ball
|
0-0: Called Strike 0-1: Swinging Strike 0-2: Ball 1-2: Foul Ball, location: 2F 1-2: Strikes out swinging
|
| Top of the 8th over - 0 runs, 0 hits, 0 errors, 0 left on base; Auburn 2 - Rome 1 |
| BOTTOM OF THE 8TH |
|
Rome Braves batting - Pitching for Auburn Doubledays : RHP Cheng-ho Tai
|
|
Batting: RHB Dave Pizarro
|
0-0: SINGLE (Line Drive, 5D, EV 96.9 MPH)
|
|
Pinch Hitting: LHB Shigeru Ono
|
0-0: Grounds into double play, 2-4-3 (Groundball, 15S, EV 70.6 MPH)
|
|
Batting: RHB Armando Vazquez
|
0-0: Ball 1-0: Ball 2-0: Called Strike 2-1: Foul Ball, location: 2F 2-2: Ball 3-2: Fly out, F8 (Flyball, 8RS, EV 91.2 MPH)
|
| Bottom of the 8th over - 0 runs, 1 hit, 0 errors, 0 left on base; Auburn 2 - Rome 1 |
| TOP OF THE 9TH |
|
Auburn Doubledays batting - Pitching for Rome Braves : RHP Armando Padron
|
|
Now in LF: Shigeru Ono
|
|
|
Batting: RHB Luis Vargas
|
0-0: Ball 1-0: Called Strike 1-1: Foul Ball, location: 2F 1-2: Strikes out looking
|
|
Batting: RHB Billy Williamson
|
0-0: Foul Ball, location: 2F 0-1: Ball 1-1: Ball 2-1: Ball 3-1: Called Strike 3-2: Base on Balls
|
|
Pitching: RHP Orlando Mosqueda
|
|
|
Batting: RHB Joe Simmelink
|
0-0: Called Strike 0-1: Foul Ball, location: 2F 0-2: Grounds into double play, 1-4-3 (Groundball, P, EV 70.6 MPH)
|
| Top of the 9th over - 0 runs, 0 hits, 0 errors, 0 left on base; Auburn 2 - Rome 1 |
| BOTTOM OF THE 9TH |
|
Rome Braves batting - Pitching for Auburn Doubledays : RHP Cheng-ho Tai
|
|
Pitching: RHP Johnny Hallamore
|
|
|
Batting: RHB Manny Hensley
|
0-0: Ball 1-0: Foul Ball, location: 2F 1-1: Swinging Strike 1-2: Strikes out swinging
|
|
Batting: LHB Ivan Castillo
|
0-0: Swinging Strike 0-1: SINGLE (Groundball, 4D, EV 105.0 MPH)
|
|
Batting: LHB Adam Hairston
|
0-0: Swinging Strike 0-1: Ball 1-1: Ball 2-1: Fly out, F9 (Flyball, 9, EV 83.1 MPH)
|
|
Pinch Hitting: LHB Diego Garcia
|
0-0: Called Strike 0-1: Ball 1-1: DOUBLE (Line Drive, 9LS, EV 110.6 MPH) Ivan Castillo to third Runner from 3rd tries for Home, SAFE, no throw by RF
|
|
Batting: RHB Carlos Livas
|
0-0: Called Strike 0-1: Foul Ball, location: 2F 0-2: Foul Ball, location: 2F 0-2: Strikes out looking
|
| Bottom of the 9th over - 1 run, 2 hits, 0 errors, 1 left on base; Auburn 2 - Rome 2 |
| TOP OF THE 10TH |
|
Auburn Doubledays batting - Pitching for Rome Braves : RHP Orlando Mosqueda
|
|
Now at C: Jason Herr
|
|
|
Batting: RHB Alex Martinez
|
0-0: Ball 1-0: Swinging Strike 1-1: Ball 2-1: Called Strike 2-2: Foul Ball, location: 2F 2-2: Strikes out looking
|
|
Batting: RHB Jorge Torres
|
0-0: Ball 1-0: Foul Ball, location: 2F 1-1: Swinging Strike 1-2: Strikes out swinging
|
|
Batting: SHB Jose Melendez
|
0-0: Ball 1-0: Ball 2-0: Ball 3-0: Base on Balls
|
|
Batting: RHB Qian Tai
|
0-0: Called Strike Jose Melendez steals 2nd base 0-1: Ball 1-1: Ball 2-1: Ball 3-1: Fly out, F6 (Line Drive, 6, EV 70.6 MPH)
|
| Top of the 10th over - 0 runs, 0 hits, 0 errors, 1 left on base; Auburn 2 - Rome 2 |
| BOTTOM OF THE 10TH |
|
Rome Braves batting - Pitching for Auburn Doubledays : RHP Johnny Hallamore
|
|
Batting: LHB Mitsujiro Tanaka
|
0-0: Ball 1-0: Ball 2-0: Called Strike 2-1: Foul Ball, location: 2F 2-2: Strikes out swinging
|
|
Batting: RHB Dave Pizarro
|
0-0: Foul Ball, location: 2F 0-1: Ball 1-1: Ground out U3 (Groundball, 3L, EV 101.2 MPH)
|
|
Batting: LHB Shigeru Ono
|
0-0: Foul Ball, location: 2F 0-1: Foul Ball, location: 2F 0-2: Ball 1-2: Ball 2-2: Ball 3-2: Foul Ball, location: 2F 3-2: Strikes out swinging
|
| Bottom of the 10th over - 0 runs, 0 hits, 0 errors, 0 left on base; Auburn 2 - Rome 2 |
| TOP OF THE 11TH |
|
Auburn Doubledays batting - Pitching for Rome Braves : RHP Orlando Mosqueda
|
|
Batting: SHB Fernando Fundora
|
0-0: Foul Ball, location: 2F 0-1: Called Strike 0-2: Foul Ball, location: 2F 0-2: Strikes out swinging
|
|
Pinch Hitting: LHB Mike Hamilton
|
0-0: Ball 1-0: Hit by Pitch
|
|
Batting: RHB Luis Vargas
|
0-0: Ball 1-0: Called Strike 1-1: Called Strike 1-2: Strikes out swinging
|
|
Pinch Hitting: RHB Colin Morris
|
0-0: Swinging Strike 0-1: Ball 1-1: Called Strike 1-2: Strikes out looking
|
| Top of the 11th over - 0 runs, 0 hits, 0 errors, 1 left on base; Auburn 2 - Rome 2 |
| BOTTOM OF THE 11TH |
|
Rome Braves batting - Pitching for Auburn Doubledays : RHP Johnny Hallamore
|
|
Now at 1B: Mike Hamilton
|
|
|
Now at 3B: Colin Morris
|
|
|
Batting: RHB Armando Vazquez
|
0-0: Called Strike 0-1: Foul Ball, location: 2F 0-2: Strikes out swinging
|
|
Batting: RHB Manny Hensley
|
0-0: Fly out, F7 (Flyball, 7S, EV 90.0 MPH)
|
|
Batting: LHB Ivan Castillo
|
0-0: Ball 1-0: Ball 2-0: Ground out 6-3 (Groundball, 6, EV 85.6 MPH)
|
| Bottom of the 11th over - 0 runs, 0 hits, 0 errors, 0 left on base; Auburn 2 - Rome 2 |
| TOP OF THE 12TH |
|
Auburn Doubledays batting - Pitching for Rome Braves : RHP Orlando Mosqueda
|
|
Batting: RHB Joe Simmelink
|
0-0: Ball 1-0: Called Strike 1-1: Called Strike 1-2: Ground out 6-3 (Groundball, 6, EV 85.6 MPH)
|
|
Batting: RHB Alex Martinez
|
0-0: Ball 1-0: Ground out 4-3 (Groundball, 4S, EV 83.8 MPH)
|
|
Batting: RHB Jorge Torres
|
0-0: Called Strike 0-1: Ball 1-1: Called Strike 1-2: Ground out 6-3 (Groundball, 6, EV 86.2 MPH)
|
| Top of the 12th over - 0 runs, 0 hits, 0 errors, 0 left on base; Auburn 2 - Rome 2 |
| BOTTOM OF THE 12TH |
|
Rome Braves batting - Pitching for Auburn Doubledays : RHP Johnny Hallamore
|
|
Batting: LHB Adam Hairston
|
0-0: Ball 1-0: Fly out, F7 (Line Drive, 7, EV 96.2 MPH)
|
|
Batting: LHB Jason Herr
|
0-0: SINGLE (Groundball, 34D, EV 106.9 MPH)
|
|
Batting: RHB Carlos Livas
|
0-0: Ball 1-0: Ball 2-0: Foul Ball, location: 2F 2-1: SINGLE (Groundball, 4M, EV 106.2 MPH) (infield hit) Jason Herr to second
|
|
Pinch Runner at 2nd Gebre-Giorgios Wangondu:
|
|
|
Batting: LHB Mitsujiro Tanaka
|
0-0: Ball 1-0: Ball 2-0: Ball 3-0: Base on Balls Gebre-Giorgios Wangondu to third Carlos Livas to second
|
|
Pitching: RHP Romel Padua
|
|
|
Batting: RHB Dave Pizarro
|
0-0: Fly out, F9 (Line Drive, 9S, EV 96.2 MPH)
|
|
Batting: LHB Shigeru Ono
|
0-0: Ball 1-0: Ball 2-0: Foul Ball, location: 2F 2-1: Foul Ball, location: 2F 2-2: Foul Ball, location: 2F 2-2: Foul Ball, location: 2F 2-2: Fly out, F9 (Flyball, 89M, EV 76.9 MPH)
|
| Bottom of the 12th over - 0 runs, 2 hits, 0 errors, 3 left on base; Auburn 2 - Rome 2 |
| TOP OF THE 13TH |
|
Auburn Doubledays batting - Pitching for Rome Braves : RHP Orlando Mosqueda
|
|
Now at C: Mike Velazquez
|
|
|
Batting: SHB Jose Melendez
|
0-0: Ball 1-0: Ground out 4-3 (Groundball, 34D, EV 100.0 MPH)
|
|
Batting: RHB Qian Tai
|
0-0: Called Strike 0-1: Ball 1-1: Foul Ball, location: 2F 1-2: Ball 2-2: Strikes out swinging
|
|
Batting: SHB Fernando Fundora
|
0-0: Called Strike 0-1: Foul Ball, location: 2F 0-2: Strikes out looking
|
| Top of the 13th over - 0 runs, 0 hits, 0 errors, 0 left on base; Auburn 2 - Rome 2 |
| BOTTOM OF THE 13TH |
|
Rome Braves batting - Pitching for Auburn Doubledays : RHP Romel Padua
|
|
Batting: RHB Armando Vazquez
|
0-0: Ball 1-0: Ball 2-0: Ground out U3 (Groundball, 34S, EV 91.2 MPH)
|
|
Batting: RHB Manny Hensley
|
0-0: Ball 1-0: Called Strike 1-1: Ball 2-1: Called Strike 2-2: Strikes out swinging
|
|
Batting: LHB Ivan Castillo
|
0-0: Ball 1-0: Foul Ball, location: 2F 1-1: Ground out 6-3 (Groundball, 6S, EV 88.1 MPH)
|
| Bottom of the 13th over - 0 runs, 0 hits, 0 errors, 0 left on base; Auburn 2 - Rome 2 |
| TOP OF THE 14TH |
|
Auburn Doubledays batting - Pitching for Rome Braves : RHP Orlando Mosqueda
|
|
Pitching: RHP Tyler Duffy
|
|
|
Batting: LHB Mike Hamilton
|
0-0: Ball 1-0: Ground out U3 (Groundball, 3L, EV 105.6 MPH)
|
|
Batting: RHB Luis Vargas
|
0-0: Called Strike 0-1: Foul Ball, location: 2F 0-2: Strikes out swinging
|
|
Batting: RHB Colin Morris
|
0-0: Called Strike 0-1: DOUBLE (Flyball, 78D, EV 111.9 MPH)
|
|
Batting: RHB Joe Simmelink
|
0-0: Ball 1-0: Called Strike 1-1: Ground out 6-3 (Groundball, 6, EV 92.5 MPH)
|
| Top of the 14th over - 0 runs, 1 hit, 0 errors, 1 left on base; Auburn 2 - Rome 2 |
| BOTTOM OF THE 14TH |
|
Rome Braves batting - Pitching for Auburn Doubledays : RHP Romel Padua
|
|
Batting: LHB Adam Hairston
|
0-0: Ball 1-0: Ball 2-0: Ball 3-0: Called Strike 3-1: Ground out 4-3 (Groundball, 4, EV 103.1 MPH)
|
|
Batting: RHB Mike Velazquez
|
0-0: Ball 1-0: Foul Ball, location: 2F 1-1: SOLO HOME RUN (Flyball, 7D, EV 99.4 MPH), Distance : 380 ft
|
| Bottom of the 14th over - 1 run, 1 hit, 0 errors, 0 left on base; Auburn 2 - Rome 3 |
|